Map: [EWC] Oceanborn

Players

Cure - Winner!

  • Race: Terran Terran
  • Spawn Location: 5:00

Reynor

  • Race: Zerg Zerg
  • Spawn Location: 11:00

Event: Esports World Cup 2024

VOD

Have the link to the VOD?

Description

Time

  • Played on: Aug. 14, 2024, 1:01 p.m.
  • Length: 10:25

All games in this series

Show
View Real Time Build Order
Export as new Build Order

Cure Terran - Winner!

Build Orders:  

Get SALT Encoding   

  12  0:00  SCV  
  13  0:12  SCV  
  14  0:17  Supply Depot  
  14  0:24  SCV  
  15  0:39  SCV  
  15  0:40  Barracks  
  16  0:43  Refinery  
  16  0:51  SCV  
  17  0:58  Barracks  
  17  1:03  SCV  
  18  1:15  SCV  
  19  1:18  Barracks  
  19  1:27  Reaper  
  20  1:34  Orbital Command  
  20  1:41  Refinery  
  20  1:45  Reaper  
  21  1:52  Supply Depot  
  21  2:00  SCV  
  22  2:02  Reaper  
  23  2:13  SCV, Reaper  
  23  2:15  Supply Depot  
  25  2:23  Reaper  
  25  2:25  SCV  
  27  2:35  Reaper  
  28  2:38  SCV  
  29  2:45  Reaper  
  29  2:50  SCV  
  31  2:55  Reaper  
  32  3:02  SCV  
  32  3:13  Barracks Reactor  
  32  3:14  SCV, Command Center  
  33  3:20  Barracks Tech Lab  
  33  3:26  SCV  
  34  3:31  Barracks Reactor  
  34  3:34  Engineering Bay  
  34  3:38  SCV  
  35  3:44  Marine, Stimpack  
  35  3:45  Supply Depot  
  36  3:50  SCV  
  36  3:52  Factory  
  37  4:02  SCV  
  38  4:08  Terran Infantry Weapons Level 1  
  38  4:09  Marine x3  
  41  4:10  Marine  
  41  4:12  Marine  
  41  4:14  SCV  
  44  4:25  Orbital Command  
  44  4:26  SCV  
  44  4:28  Marine x4  
  44  4:29  Marine  
  50  4:36  Starport  
  50  4:38  SCV  
  50  4:39  Factory Reactor  
  50  4:45  Refinery  
  51  4:51  SCV  
  53  4:52  SCV  
  53  4:56  Supply Depot, Marine x3  
  53  4:58  Marine  
  57  5:00  Marine  
  57  5:03  SCV  
  57  5:05  SCV  
  60  5:12  Supply Depot  
  60  5:15  SCV  
  60  5:17  SCV  
  60  5:19  Medivac x2  
  66  5:24  Marine x4  
  70  5:29  Factory Tech Lab  
  70  5:31  Supply Depot  
  70  5:33  SCV x2, Marine  
  70  5:35  Supply Depot  
  73  5:36  Combat Shield  
  73  5:42  Refinery  
  73  5:45  SCV x2  
  73  5:48  Marine x3  
  78  5:53  Marine x2  
  80  5:58  Siege Tank  
  80  6:00  Supply Depot  
  80  6:01  SCV x2  
  85  6:07  Marine x3  
  85  6:10  Marine x2  
  92  6:12  Terran Infantry Armor Level 1  
  90  6:19  Supply Depot  
  90  6:21  Medivac  
  90  6:24  Medivac  
  94  6:29  Marine x5  
  92  6:41  Siege Tank  
  92  6:46  Marine x2  
  92  6:47  Marine x3  
  95  6:55  Supply Depot, Armory  
  95  6:56  Liberator x2  
  101  7:04  Marine x3  
  104  7:08  Supply Depot  
  104  7:12  Marine x2  
  106  7:17  Siege Tank  
  106  7:22  Marine x3  
  112  7:33  Supply Depot x2  
  112  7:34  Marine x2  
  112  7:40  Marine x2  
  112  7:44  Liberator  
  114  7:49  Siege Tank  
  120  7:55  Marine x2  
  120  7:56  Marine  
  120  7:58  Marine x2  
  125  8:00  Liberator  
  125  8:03  Supply Depot  
  128  8:06  Terran Infantry Weapons Level 2  
  128  8:13  Marine x3  
  128  8:14  Terran Vehicle Weapons Level 1  
  128  8:16  Marine x2  
  133  8:25  Supply Depot  
  133  8:26  Supply Depot  
  133  8:36  Marine x5  
  133  8:37  Siege Tank  
  133  8:39  Liberator  
  144  8:44  Liberator  
  147  9:02  Marine x5  
  152  9:11  Barracks x2  
  152  9:20  Marine x3  
  152  9:21  Liberator  
  133  9:27  Liberator  
  133  9:31  Marine x2  
  118  9:33  Siege Tank  
  118  9:37  Marine x2  
  118  9:38  Marine  
  124  9:48  Marine x2  
  122  9:55  Marine x3  
Show
View Real Time Build Order
Export as new Build Order

Reynor Zerg 

Build Orders: Hatch First 

Get SALT Encoding   

  12  0:00  Drone  
  13  0:12  Overlord  
  13  0:16  Drone  
  14  0:31  Drone x2  
  16  0:49  Hatchery  
  15  0:51  Drone  
  15  0:55  Drone  
  17  0:58  Drone  
  18  1:09  Extractor  
  17  1:13  Spawning Pool  
  17  1:17  Drone  
  17  1:19  Drone  
  18  1:27  Drone  
  19  1:38  Drone  
  20  1:49  Overlord  
  20  2:01  Queen x2  
  20  2:02  Zergling x4  
  26  2:12  Drone x2  
  28  2:16  Metabolic Boost  
  28  2:22  Zergling x4  
  30  2:32  Overlord  
  30  2:34  Zergling x2  
  31  2:39  Queen x2  
  31  2:43  Zergling x2  
  35  2:49  Zergling x2  
  36  3:00  Zergling x4  
  36  3:06  Evolution Chamber  
  36  3:12  Drone  
  34  3:14  Zergling x8  
  38  3:20  Drone, Queen, Overlord  
  38  3:22  Drone  
  38  3:23  Drone  
  43  3:31  Overlord  
  43  3:39  Zergling x4  
  43  3:40  Zergling x2  
  46  3:45  Drone  
  47  3:53  Drone x2, Hatchery  
  48  3:56  Drone  
  48  3:58  Drone  
  48  3:59  Drone  
  48  4:01  Drone  
  52  4:04  Drone  
  52  4:07  Overlord  
  53  4:10  Drone  
  53  4:15  Queen  
  56  4:17  Drone  
  56  4:19  Drone  
  58  4:27  Queen  
  58  4:30  Overlord  
  60  4:31  Drone x2  
  60  4:32  Drone  
  60  4:35  Drone  
  64  4:38  Overlord  
  64  4:40  Drone x2  
  66  4:47  Baneling Nest  
  66  4:49  Zergling x2  
  66  4:50  Zergling x6  
  69  4:56  Overlord  
  69  4:57  Drone x2  
  71  5:01  Queen  
  71  5:05  Zergling x4  
  71  5:06  Zergling x2  
  76  5:11  Queen  
  76  5:12  Zergling x4  
  80  5:18  Zergling x8  
  84  5:22  Lair  
  84  5:24  Overlord  
  84  5:26  Zergling x2  
  84  5:31  Zergling x2  
  84  5:35  Zergling x8, Extractor  
  88  5:38  Zergling x2  
  88  5:42  Overlord  
  89  5:45  Zergling x8  
  89  5:49  Zergling x8  
  97  5:53  Overlord  
  97  5:59  Overlord  
  97  6:00  Drone  
  98  6:08  Overlord  
  98  6:10  Overlord  
  98  6:16  Queen  
  100  6:20  Drone x4  
  100  6:21  Centrifugal Hooks  
  100  6:22  Zergling x4  
  100  6:25  Overlord  
  106  6:31  Zergling x6  
  108  6:39  Zergling x12  
  89  6:40  Zergling x2  
  89  6:44  Queen x2  
  89  6:46  Zergling x2, Evolution Chamber  
  84  6:50  Zergling x4  
  84  6:53  Baneling x10  
  84  6:54  Queen  
  84  6:58  Zergling x2  
  84  6:59  Zergling x2  
  88  7:03  Zergling x6  
  88  7:04  Zergling x4  
  88  7:07  Baneling x3  
  93  7:09  Drone  
  93  7:10  Zergling x4  
  93  7:14  Zergling x8  
  99  7:17  Baneling x2  
  99  7:18  Zergling x4  
  101  7:27  Zergling x4  
  101  7:29  Overlord  
  103  7:31  Zergling x8  
  105  7:39  Drone x3  
  105  7:41  Queen x2  
  112  7:45  Zergling x4  
  112  7:48  Zerg Ground Armor Level 1  
  114  7:52  Zergling x8  
  114  7:54  Overlord  
  114  7:56  Zergling x2  
  119  8:00  Baneling x3  
  119  8:05  Zergling x12  
  125  8:11  Baneling x3  
  125  8:18  Drone x3  
  125  8:19  Overlord  
  128  8:20  Zergling x4  
  128  8:21  Zergling x6  
  133  8:27  Zergling x2  
  133  8:32  Zergling x2  
  133  8:33  Zergling x8  
  133  8:34  Burrow  
  138  8:35  Queen  
  138  8:36  Extractor  
  138  8:40  Baneling x2  
  139  8:41  Overlord  
  139  8:46  Baneling  
  139  8:47  Zergling x4  
  141  8:52  Baneling x2  
  141  8:55  Zergling x6  
  144  8:57  Baneling, Zergling x2  
  144  8:58  Zergling x4  
  144  9:01  Hatchery  
  146  9:05  Zergling x8  
  146  9:06  Baneling  
  146  9:07  Baneling  
  150  9:10  Zergling x4  
  150  9:11  Zergling x6  
  149  9:21  Zergling x6  
  110  9:25  Zergling x2  
  110  9:26  Zergling x2  
  110  9:27  Zergling x2  
  110  9:30  Zergling x4  
  84  9:31  Baneling x5, Queen  
  84  9:32  Queen  
  84  9:33  Zergling x6  
  84  9:37  Zergling x2  
  84  9:46  Zergling x6  
  84  9:47  Baneling x2  
  84  9:51  Zergling x2  
  83  9:55  Zergling x4  
  83  10:00  Baneling x5  
  83  10:06  Zergling x8  
Tags
 
Add a new tag
Caveats
  • Supply blocks, unpowered buildings, or Contaminate may cause inaccurate times.
  • Supply counts are checked every 10 seconds.